AoeStats
← a.l.a.n.t

Nomad

503674537Analyzed
2v2 RM · 1mo ago on Sep 1, 2026· 64m 47s· 4 players
Game mode
Random Map
Map size
176×176
Population
200
Speed
Normal
Resources
Standard
Victory
Conquest
Starting age
Dark Age
Ending age
Imperial Age
RankedLock teamsTeams togetherTeam positionsShared explorationLock speedFull tech treeHidden civsTurbo modeCheats
Victory
Defeat
🇬🇧 Dravidians · United Kingdom
1286
+11
🇮🇶 Japanese · Iraq
1109
+19
🇵🇱 Spanish · Poland
1389
-24
🇳🇱 Huns · Netherlands
982
-7
Robin5hood
10:42 Loom
15:10 Feudal Age
18:39 Castle Age
16:59 Padded Archer Armor
18:30 Double-Bit Axe
19:20 Fishing Lines
20:30 Bloodlines
20:41 Husbandry
21:36 Medium Warships
21:55 Town Watch
28:31 Fletching
30:07 Bodkin Arrow
33:31 Leather Archer Armor
42:28 Imperial Age
41:17 Wheelbarrow
41:28 Medium Warships
41:56 Bow Saw
44:38 Hand Cart
44:47 Conscription
47:35 Heavy Warships
48:05 Conscription
49:14 Ring Archer Armor
50:19 Bracer
50:19 Light Cavalry
51:13 Scale Barding Armor
51:18 Forging
51:11 Hussar
53:38 Chain Barding Armor
55:02 Plate Barding Armor
55:31 Iron Casting
jendrooh
5:15 Loom
14:55 Feudal Age
19:46 Castle Age
22:43 Bloodlines
23:42 Husbandry
24:55 Scale Barding Armor
28:49 Forging
31:12 Chain Barding Armor
34:59 Iron Casting
34:33 Thumb Ring
37:33 Elite Skirmisher
42:45 Imperial Age
41:05 Fletching
41:16 Padded Archer Armor
42:11 Bodkin Arrow
43:48 Conscription
44:33 Double-Bit Axe
46:06 Chemistry
47:44 Ballistics
47:27 Bracer
47:42 Leather Archer Armor
a.l.a.n.t
12:29 Loom
14:15 Feudal Age
18:27 Castle Age
16:22 Double-Bit Axe
18:38 Fletching
19:37 Bow Saw
19:43 Medium Warships
19:44 Bodkin Arrow
29:31 Horse Collar
37:28 Imperial Age
35:58 Ballistics
36:37 Padded Archer Armor
37:47 Leather Archer Armor
38:33 Bracer
40:31 Elite Elephant Archer
41:03 Pikeman
43:11 Chemistry
47:08 Thumb Ring
48:01 Ring Archer Armor
48:26 Husbandry
49:56 Light Cavalry
51:00 Scale Barding Armor
53:39 Conscription
61:47 Chain Barding Armor
61:39 Forging
62:00 Wootz Steel
aryaszahir958
5:55 Loom
14:43 Feudal Age
15:57 Double-Bit Axe
19:17 Horse Collar
21:57 Castle Age
27:45 Wheelbarrow
27:31 Husbandry
27:34 Gold Mining
32:13 Elite Skirmisher
35:12 Gold Shaft Mining
34:27 Stone Mining
35:51 Stone Mining
41:45 Imperial Age
42:03 Fletching
42:14 Padded Archer Armor
42:14 Scale Mail Armor
44:54 Bodkin Arrow
45:40 Capped Ram
49:03 Bracer
49:19 Leather Archer Armor
50:52 Pikeman
51:32 Squires
51:18 Arson
51:18 Gambesons
52:35 Ring Archer Armor
52:21 Chain Mail Armor
54:00 Halberdier
62:11 Plate Mail Armor
61:52 Forging
62:34 Kataparuto
Connection lost

Rejoining the realm…

Still unreachable

The connection could not be restored.

Session expired

The server has moved on; the page needs a fresh start.